Cogmind - Beta 14 @@@ ROGUE MODE // 2024.08.18 @ 15:11:46 Player: Wotf Result: Destroyed by 12-O26(R) with Subdweller Beam Cannon Performance ------------- Evolutions (0) 0 Regions Visited (2) 400 Robots Destroyed (26) 130 Value Destroyed (510) 510 Prototype IDs (4) 80 Alien Tech Used (0) 0 Bonus (0) 0 TOTAL SCORE: 1120 Bonus ------- None Cogmind --------- Core Integrity 0/250 Matter 272/300 Energy 100/100 System Corruption 0% Temperature Cool (9) Movement Core (400) Ox7 Location -10/Subcaves Parts ------- > --- POWER (1) -------- (None) > --- PROPULSION (2) --- (None) > --- UTILITY (2) ------ Large Storage Unit Terrain Scanner > --- WEAPON (2) ------- Light Assault Rifle > --- INVENTORY (15) --- Light Ion Engine Heat Sink Heat Sink High-capacity Matter Pod (200) High-capacity Matter Pod (200) High-capacity Matter Pod (200) Sensor Array Signal Interpreter ECM Suite Utility Shielding Mining Laser Peak State ------------ > --- POWER ------------ Ion Engine > --- PROPULSION ------- Light Treads Light Treads > --- UTILITY ---------- Large Storage Unit Backup Plating I > --- WEAPON ----------- Particle Gun Light Assault Rifle > --- INVENTORY -------- Ion Engine Ion Engine Light Treads Light Treads Compact Wheel Heat Sink High-capacity Matter Pod High-capacity Matter Pod High-capacity Matter Pod Sensor Array Signal Interpreter Terrain Scanner ECM Suite Mining Laser [Rating: 9] Favorites ----------- Power Ion Engine Engine Ion Engine Propulsion Light Treads Treads Light Treads Wheel Wheel Utility Large Storage Unit Device Seismic Detector Storage Large Storage Unit Protection Backup Plating I Weapon Light Assault Rifle Energy Gun Small Laser Ballistic Gun Light Assault Rifle Build | -11 -10 -10 ------- Run | Yrd Mat Sub Slots Evolved . | . . . Power . | . . . Propulsion . | . . . Utility . | . . . Weapon . | . . . Parts Attached 28 | 7 20 1 Power 8 | 1 6 1 Engine 8 | 1 6 1 Core . | . . . Reactor . | . . . Propulsion 8 | 2 6 . Treads 5 | . 5 . Leg . | . . . Wheel 3 | 2 1 . Hover . | . . . Flight . | . . . Utility 6 | 2 4 . Device 2 | 1 1 . Storage 4 | 1 3 . Processor . | . . . Hackware . | . . . Protection . | . . . Artifact . | . . . Weapon 6 | 2 4 . Energy Gun 2 | . 2 . Energy Cannon . | . . . Ballistic Gun 4 | 2 2 . Ballistic Cannon . | . . . Launcher . | . . . Special Weapon . | . . . Impact Weapon . | . . . Slashing Weapon . | . . . Piercing Weapon . | . . . Special Melee Weapon . | . . . Unidentified Prototypes . | . . . Parts Lost 15 | . 10 5 Power 3 | . 1 2 Propulsion 6 | . 4 2 Utility 1 | . 1 . Weapon 5 | . 4 1 Highest Loss Streak 5 | . 4 5 To Critical Strikes . | . . . Average Slot Usage (%) 98 | . 98 95 Engine 13 | . 14 12 Treads 19 | . 20 11 Wheel 8 | . 7 14 Device 10 | . 9 14 Storage 14 | . 14 14 Protection 3 | . 3 . Energy Gun 3 | . 2 14 Ballistic Gun 23 | . 24 14 Peak Build Rating 9 | 7 9 8 Average Rating 7 | 5 7 7 On Entrance 5 | . 7 8 Naked Turns . | . . . Heaviest Build 33 | 11 33 28 Greatest Support 40 | 20 40 16 Greatest Overweight (x) 2 | . 2 1 Average Overweight (x) . | . 1 1 Largest Inventory Capacity 15 | 8 15 15 Average Capacity 14 | 7 14 15 Most Carried 15 | 7 15 12 Average Carried 12 | 4 13 11 Final Capacity 15 | 8 15 15 Final Carried 12 | 7 12 11 Class Distribution -------------------- 81% | Mutant 18% | Scavenger-Mutant Dominant Class ---------------- Mutant | -10/Materials Scavenger-Mutant | -10/Subcaves Resources | -11 -10 -10 ----------- Run | Yrd Mat Sub Matter Collected 1129 | 294 835 . Remotely . | . . . Salvage Created 987 | 97 890 . Parts 62 | 5 57 . Haulers Intercepted 2 | . 2 . Recyclers Shooed 4 | 1 3 . Parts Field Recycled . | . . . Retrieved Matter . | . . . Parts Self-Destructed . | . . . Prevented . | . . . Kills | -11 -10 -10 ------- Run | Yrd Mat Sub Combat Hostiles Destroyed 13 | . 13 . Guns 13 | . 13 . Classes Destroyed 8 | 2 6 . Worker 2 | . 2 . Tunneler 1 | 1 . . Hauler 2 | . 2 . Recycler 4 | 1 3 . Operator 1 | . 1 . Watcher 3 | . 3 . Swarmer 3 | . 3 . Grunt 10 | . 10 . Best Kill Streak 3 | 1 3 . Combat Bots Only 3 | . 3 . Max Kills in Single Turn 1 | 1 1 . Gunslinging . | . . . Exploded . | . . . Melee . | . . . Uniques/NPCs Destroyed . | . . . Combat | -11 -10 -10 -------- Run | Yrd Mat Sub Hostile Shots Fired 137 | . 109 28 Missed 26 | . 17 9 Damage Taken 1514 | . 1082 432 Core 260 | . 202 58 Absorbed by Shields . | . . . Core Remaining (%) 100 | 100 . . Volleys Fired 188 | 12 133 43 Largest 2 | 2 2 2 Hottest 85 | 40 85 60 Shots Fired 315 | 24 244 47 Gun 315 | 24 244 47 Cannon . | . . . Launcher . | . . . Special . | . . . Kinetic 280 | 24 213 43 Thermal 35 | . 31 4 Explosive . | . . . Electromagnetic . | . . . Robot Hit Streak 11 | 4 11 8 Robot Miss Streak 3 | 3 3 3 Penetration Max . | . . . Secondary Targets 1 | . 1 . Max Gunslinging Chain 1 | . 1 . Shots Hit Robots 217 | 15 169 33 Core Hits 71 | 4 63 4 Critical Kills 1 | . 1 . Critical Parts Destroyed . | . . . Critical Strikes 1 | . 1 . Destroy 1 | . 1 . Melee Attacks . | . . . Impact . | . . . Slashing . | . . . Piercing . | . . . Sneak Attacks . | . . . Combat Hostiles . | . . . Follow-up Attacks . | . . . Damage Inflicted 1812 | 125 1536 151 Guns 1812 | 125 1536 151 Cannons . | . . . Explosions . | . . . Melee . | . . . Ramming . | . . . Kinetic 1430 | 125 1188 117 Thermal 382 | . 348 34 Explosive . | . . . Electromagnetic . | . . . Impact . | . . . Slashing . | . . . Piercing . | . . . Highest Corruption . | . . . Average Corruption . | . . . Corruption Purged . | . . . Corruption Blocked . | . . . Overload Shots . | . . . Overflow Damage . | . . . Projectiles . | . . . Explosions . | . . . Melee . | . . . Knockbacks . | . . . Impact . | . . . Kinetic . | . . . Secondary . | . . . Self-Inflicted Damage . | . . . Shots . | . . . Rammed . | . . . Targets Rammed . | . . . Kicked . | . . . Crushed . | . . . Highest Temperature 513 | . 513 . Average Temperature 113 | . 113 . Received Heat Transfer 570 | . 552 18 Effects 8 | . 8 . Energy Bleed 1 | . 1 . Interference 2 | . 2 . Matter Decay 1 | . 1 . Short Circuit 1 | . 1 . Damage (minor) 1 | . 1 . Damage (major) 2 | . 2 . Siege Activations . | . . . Robots Corrupted . | . . . Combat Hostiles . | . . . Parts Fried . | . . . Impact Corruptions . | . . . Robots Melted . | . . . Combat Hostiles . | . . . Parts Melted . | . . . Heat Transferred 890 | . 815 75 Parts Sabotaged . | . . . Parts Stolen . | . . . Parts Stripped . | . . . Power Chain Reactions . | . . . Alert | -11 -10 -10 ------- Run | Yrd Mat Sub Peak Influence 152 | 10 152 . Initial 6 | . 6 . Average 56 | 3 59 . Maximum Alert Level . | . . . Low Security (%) 100 | 100 100 . Level 1 . | . . . Level 2 . | . . . Level 3 . | . . . Level 4 . | . . . Level 5 . | . . . High Security . | . . . Max Security . | . . . Squads Dispatched 3 | . 3 . Investigation 2 | . 2 . Extermination . | . . . Reinforcement 1 | . 1 . Assault . | . . . Garrison . | . . . Intercept . | . . . Searches Triggered . | . . . Construction Impeded . | . . . Haulers Reinforced . | . . . Active Scanning Responses . | . . . Cargo Convoy Interrupts . | . . . Stealth | -11 -10 -10 --------- Run | Yrd Mat Sub Distress Signals 1 | . 1 . Communications Jammed . | . . . Distress Signals . | . . . Times Spotted 31 | . 28 3 Peak Tracking Total 4 | . 4 3 Tactical Retreats . | . . . Traps | -11 -10 -10 ------- Run | Yrd Mat Sub Traps Triggered 1 | . 1 . Indirectly . | . . . Trap Hack Attempts . | . . . Triggered . | . . . Disarmed . | . . . Reprogrammed . | . . . Reused . | . . . Traps Extracted . | . . . Installed . | . . . Triggered . | . . . Machines | -11 -10 -10 ---------- Run | Yrd Mat Sub Machines Disabled . | . . . Max in Single Turn . | . . . Machines Repaired . | . . . Machines Dismantled . | . . . Machines Sabotaged . | . . . Overloaded Fab Kills . | . . . Hacking | -11 -10 -10 --------- Run | Yrd Mat Sub Machines Accessed 9 | . 9 . Terminals 6 | . 6 . Fabricators . | . . . Repair Stations 1 | . 1 . Recycling Units 2 | . 2 . Scanalyzers . | . . . Garrison Access . | . . . Total Hacks 32 | . 32 . Successful 19 | . 19 . Failed 13 | . 13 . Catastrophic 1 | . 1 . Database Lockouts . | . . . Manual 6 | . 6 . Terminals 23 | . 23 . Fabricators . | . . . Repair Stations 4 | . 4 . Recycling Units 5 | . 5 . Scanalyzers . | . . . Garrison Access . | . . . Terminal Hacks 13 | . 13 . Record 2 | . 2 . Robot Analysis 2 | . 2 . Prototype ID Bank 2 | . 2 . Branch Access Points 1 | . 1 . Recycling Unit Index 1 | . 1 . Scanalyzer Index 1 | . 1 . Locate Traps 1 | . 1 . Dispatch Records 1 | . 1 . Hauler Manifests 1 | . 1 . Zone Layout 1 | . 1 . Fabricator Hacks . | . . . Repair Station Hacks 2 | . 2 . Scan Component 1 | . 1 . Refit 1 | . 1 . Recycling Unit Hacks 4 | . 4 . Process 1 | . 1 . Report Inventory 2 | . 2 . Retrieve Matter 1 | . 1 . Scanalyzer . | . . . Garrison Access Hacks . | . . . Unauthorized Hacks . | . . . Terminals . | . . . Fabricators . | . . . Repair Stations . | . . . Recycling Units . | . . . Scanalyzers . | . . . Garrison Access . | . . . Data Cores Recovered . | . . . Used . | . . . Hacking Detections 8 | . 8 . Full Trace Events 2 | . 2 . Feedback Events . | . . . Feedback Blocked . | . . . Robot Schematics Acquired . | . . . Robots Built . | . . . Authchips . | . . . Time . | . . . Total Robot Build Rating . | . . . Part Schematics Acquired . | . . . Parts Built . | . . . Authchips . | . . . Time . | . . . Total Part Build Rating . | . . . Parts Repaired . | . . . Time . | . . . Parts Recycled . | . . . Recycled Matter 145 | . 145 . Retrieved Matter 319 | . 319 . Retrieved Components . | . . . Parts Scanalyzed . | . . . Part Schematics Acquired . | . . . Parts Damaged . | . . . Bothacking | -11 -10 -10 ------------ Run | Yrd Mat Sub Used RIF Installer . | . . . Robots Hacked . | . . . Non-combat . | . . . Combat . | . . . Robot Hacks Applied . | . . . Relay Couplers Released . | . . . Fabnet Peak Effective % . | . . . Robots Rewired . | . . . Allies Hacked . | . . . Hacks Repelled . | . . . Allies | -11 -10 -10 -------- Run | Yrd Mat Sub Total Allies . | . . . Largest Group . | . . . Highest-Rated Group . | . . . Highest-Rated Ally . | . . . Total Orders . | . . . Ally Attacks . | . . . Total Damage . | . . . Kills . | . . . Allies Corrupted . | . . . Allies Melted . | . . . Intel | -11 -10 -10 ------- Run | Yrd Mat Sub Robot Analysis Total 2 | . 2 . Derelict Logs Recovered . | . . . Drone Launches . | . . . Drone Recoveries . | . . . Exploration | -11 -10 -10 ------------- Run | Yrd Mat Sub Turns Passed 2054 | 118 1778 158 Spaces Moved 1117 | 66 985 66 Core 1 | 1 . . Treads 404 | . 404 . Legs . | . . . Wheels 712 | 65 581 66 Hover . | . . . Flight . | . . . Fastest Speed 50 | 50 80 115 Average Speed 130 | 79 135 115 Slowest Speed 240 | 80 240 115 Overloaded Moves . | . . . Propulsion Burnouts . | . . . Robots Hopped . | . . . Cave-ins Triggered . | . . . Exploration Rate (%) 36 | 3 100 7 Regions Visited 2 Branch Regions 1 Pre-discovered Areas . | . . . Known Exits Taken . | . . . Unknown Exits Taken 2 | 1 1 . Scrap Searched . | . . . Spaces Dug . | . . . Terrain Destroyed . | . . . Melee . | . . . Projectile . | . . . AOE . | . . . Terrain Rammed . | . . . Walls Destroyed . | . . . Machines Disabled . | . . . Actions | -11 -10 -10 --------- Run | Yrd Mat Sub Total 1458 | 109 1238 111 Wait 80 | 17 63 . Move 1115 | 65 984 66 Hop . | . . . Pick Up 31 | 8 23 . Fast Attach 9 | 6 3 . Attach 13 | 1 11 1 Detach 1 | . 1 . Swap 6 | . 6 . Drop 14 | . 14 . Fire 188 | 12 133 43 Melee . | . . . Ram . | . . . Kick . | . . . Crush . | . . . Escape Stasis . | . . . Rewire 1 | . . 1 Trap . | . . . Miscellaneous . | . . . Route ------- -11/Scrapyard -10/Materials (discovered 5 exits: [*Mat x3] / *Min / [*Sub]) -10/Subcaves History --------- Turn | Location | Event 2 | -11/Scrapyard | Met Revision 17 9 | -11/Scrapyard | Discovered new exit (range 15) 119 | -11/Scrapyard | Entered Materials 137 | -10/Materials | Identified exit to Mines 315 | -10/Materials | Build established: Mutant 495 | -10/Materials | Discovered new exit (range 13) 616 | -10/Materials | Discovered new exit (range 15) 1406 | -10/Materials | Core integrity fell below 50% 1587 | -10/Materials | Lost 3 parts (1n1u1w) 1656 | -10/Materials | Core integrity fell below 20% 1677 | -10/Materials | Lost 4 parts (2n2w) 1699 | -10/Materials | Discovered new exit (range 14) 1887 | -10/Materials | Discovered new exit (range 10) 1897 | -10/Materials | Entered Subcaves 1984 | -10/Subcaves | Build established: Scavenger-Mutant 2055 | -10/Subcaves | Destroyed by 12-O26(R) with Subdweller Beam Cannon Last Messages --------------- Inventory: Sml. Matter Pod (33%) Com. Wheel (100%) Aluminum Leg (82%) 01804_ R-06 Scavenger collects Flight Unit. 01818_ Acquired 1 matter. 01824_ K-01 Serf cleans the Neutrino Reactor. 01887_ EXIT=FOUND LOCATION=UNKNOWN AMBIENT_HEAT=-10 GOAL=ESCAPE 01933_ Attempting to rewire J1-VBF(R). 01933_ J1-VBF(R) is broken beyond repair. W2-J74(R) emerges from concealment. 02009_ Ion Engine destroyed. 02029_ Lgt. Treads destroyed. 12-O26(R) emerges from concealment. 02053_ Com. Wheel destroyed. 02055_ Ion Engine destroyed. 02055_ Sml. Laser destroyed. Map ----- +----------------------------------------------------+ | ?????????????????????????????????????????????????? | | ?????????????????????????????????????????????????? | | ?????????????????????????????????????????????????? | | ?????????????????????????????????????????????????? | | ?????????????????????????????????????????????????? | | ?????????????????????#???????#???????????????????? | | ????????????????????????##??# ????????????????? | | ?????????????????????### #?# ????????????????? | | ????????????????????? ## #????????????????? | | ?????????????????? ??# #????????????????? | | ?????????????????????#" ##???????????????? | | ????????????????????? #???????????????? | | ????????????????????##< ????????????????? | | ###?????????????????## RR ?????????????????? | | #####?????????#???# ???????????????????? | | ##????####????# #????????????????????? | | ##???## #???## #??? ????????????????? | | ##### ##?## ##### #?#???? ?????????????? | | ### ### #?????????????????????? | | #?##?????? ???????????? | | # ## #??#??????????????????? | | # " ##### #?????????????????????? | | ### " " # ###???## #??#??? ?? ???????????? | | #?#"" "# #??#???###### #??#??????????????????? | | ?# & ####?????#?????# #???? ???????????????? | | # ####?????????????## @ #???????? ????????????? | | # #?????????????#??# #?????????????????????? | | ?## ##??????#????????### #???? ????????????????? | | ??###?????????????#????# #?????#???????????????? | | ????????????????????#??# #???????#?????????????? | | ??????????????????????## #?????#???#???????????? | | ???????????????????????## ##?????#?#?????????????? | | ????????????????????????###?????#????????????????? | | ???????????????#????#?#??????????????????????????? | | ???????????????#???????#???#?#????#??????????????? | | ??????????????????#???????????????#??????????????? | | ????????????????????????????#????????????????????? | | ??????????????????????#????????#?????????????????? | | ?????????????????????????????##??????????????????? | | ?????????????????????????????#???????????????????? | | ?????????????????????????????????????????????????? | | ?????????????????????????????????????????????????? | | ?????????????????????????????????????????????????? | | ?????????????????????????????????????????????????? | | ?????????????????????????????????????????????????? | | ?????????????????????????????????????????????????? | | ?????????????????????????????????????????????????? | | | | | | | +----------------------------------------------------+ Best States ------------- Heat Dissipation 25 Energy Generation 10 Energy Capacity 250 Matter Stores 500 Matter Capacity 500 Sight Range 16 Terrain Scan Range 14 Terrain Scan Density 10 Armor Coverage 80 Evasion (%) 44 Recoil Reduction 2 Item Schematics ----------------- None Robot Schematics ------------------ None Fabricated ------------ Nothing Alien Tech Used ----------------- None Achievements -------------- None Challenges ------------ None Game ------ Seed WardroneBraceKinecellerator Manual? 0 Play Time 00:22:18 Cumulative 40.0 hours Start 2024.08.18 @ 14:34:07 End 2024.08.18 @ 15:11:46 Sessions 3 Manual Loads 0 Difficulty Rogue Special Mode None Game No. 31 Rogue 19 Adventurer 12 Explorer 0 Win Type - Total 1 Types 1/0/0/0/0/0/0/0/0 Lore% 10 Gallery% 23 Achievement% 27 Wizard Run 0 Options --------- Layout 0 ASCII 0 Keyboard 0 Movement Numpad Keybinds 0 Fullscreen 2 Font 18/SmallcapsGlow Map View 76x50 Zoom Use 0% Tactical HUD 1 Map Filters NONE Filters NONE Steam 1 RUN: b65f2cf3-f2ef-43d0-a05d-a892a829578c